 Dungeon Crawl Stone Soup version 0.26.0-11-g8f856b5395 (webtiles) character file.

Game seed: 4367705297362964505

30 jiml777 the Gusty (level 3, -9/24 HPs)
             Began as a Demonspawn Air Elementalist on Jan 14, 2021.
             Mangled by a hornet zombie (13 damage)
             ... on level 2 of the Dungeon.
             The game lasted 00:11:03 (2061 turns).

jiml777 the Gusty (Demonspawn Air Elementalist)     Turns: 2061, Time: 00:11:03

Health: -9/24      AC:  2    Str:  8    XL:     3   Next: 5%
Magic:  0/6        EV: 12    Int: 17    God:
Gold:   41         SH:  4    Dex: 13    Spells: 3/6 levels left

rFire    . . .     SeeInvis .   l - +0 dagger
rCold    + . .     Faith    .   h - +0 buckler
rNeg     . . .     Spirit   +   a - +0 robe
rPois    .         Reflect  .   (no helmet)
rElec    .         Harm     .   (no cloak)
rCorr    .         Rampage  .   (no gloves)
Will     .....                  (boots unavailable)
Stlth    ++........             b - amulet of guardian spirit
HPRegen  0.08/turn              i - ring of wizardry
MPRegen  0.10/turn              (no ring)

@: no status effects
A: talons 3, cold resistance 1
a: no special abilities


You were on level 2 of the Dungeon.
You visited 1 branch of the dungeon, and saw 2 of its levels.

You collected 41 gold pieces.

Inventory:

Hand Weapons
 l - a +0 dagger (weapon)
Missiles
 c - 39 arrows
Armour
 a - a +0 robe (worn)
 h - a +0 buckler (worn)
Jewellery
 b - an amulet of guardian spirit (around neck)
 i - a ring of wizardry (left hand)
Scrolls
 f - a scroll of identify
 g - a scroll of enchant armour {unknown}
 j - a scroll of fear {unknown}
 k - a scroll of remove curse {unknown}
Potions
 d - a potion of curing
 e - a potion of mutation


   Skills:
 - Level 0.2 Fighting
 - Level 2.1 Dodging
 - Level 1.8 Stealth
 + Level 1.1 Shields
 - Level 2.2 Spellcasting
 - Level 1.0 Conjurations
 - Level 3.0 Air Magic


You had 3 spell levels left.
You knew the following spells:

 Your Spells              Type           Power        Failure   Level
a - Shock                 Conj/Air       32%          4%          1
b - Swiftness             Air            12%          4%          2

Your spell library contained the following spells:

 Spells                   Type           Power        Failure   Level
 Static Discharge         Conj/Air       8%           14%         3
 Airstrike                Air            6%           30%         4
 Lightning Bolt           Conj/Air       4%           75%         5


Dungeon Overview and Level Annotations

Branches:
Dungeon (2/15)

Altars:


Innate Abilities, Weirdness & Mutations

You have claws for feet.
Your flesh is cold resistant. (rC+)


Message History

Confirm with . or Enter, or press ? or * to list all spells.
Aiming: Shock (safe; 4% risk of failure)
Press: ? - help, Shift-Dir - straight line The zap misses the hornet zombie.
The zap hits the hornet zombie.
The hornet zombie is lightly damaged.
The hornet zombie misses you.
Casting: Shock (safe; 4% risk of failure)
Confirm with . or Enter, or press ? or * to list all spells.
Aiming: Shock (safe; 4% risk of failure)
Press: ? - help, Shift-Dir - straight line The zap hits the hornet zombie.
The hornet zombie is lightly damaged.
The zap hits the hornet zombie.
The hornet zombie is lightly damaged.
The hornet zombie hits you!
* * * LOW HITPOINT WARNING * * *
The hornet zombie closely misses you. The hornet zombie hits you!
Ouch! That really hurt!
You die...

### ..
###.####
#......#
#.#....#
#####....)#
#.@.†.<.#
#Z#######
#.# #.# #.#
#.....#
#####.#


You could see a hornet zombie.

Vanquished Creatures
  6 bats
  A bat zombie (D:1)
  A giant cockroach (D:1)
  4 goblins
  3 hobgoblins (D:1)
  3 jackals (D:1)
  3 kobolds (D:1)
  A frilled lizard (D:1)
  A giant cockroach zombie (D:1)
  2 rats (D:1)
25 creatures vanquished.

Notes
Turn   | Place    | Note
-------+----------+-------------------------------------------
     0 | D:1      | jiml777 the Demonspawn Air Elementalist began the quest for
                  | the Orb.
     0 | D:1      | Reached XP level 1. HP: 13/13 MP: 3/3
   495 | D:1      | Reached skill level 3 in Air Magic
   506 | D:1      | Gained mutation: You have sharp toenails. [demonic
                  | ancestry]
   506 | D:1      | Reached XP level 2. HP: 6/19 MP: 0/5
  1148 | D:1      | Learned a level 2 spell: Swiftness
  1664 | D:1      | Gained mutation: Your flesh is cold resistant. (rC+)
                  | [potion of mutation]
  1664 | D:1      | Gained mutation: You have razor-sharp toenails. [potion of
                  | mutation]
  1664 | D:1      | Gained mutation: You have claws for feet. [potion of
                  | mutation]
  1782 | D:1      | Reached skill level 1 in Shields
  1990 | D:2      | Reached XP level 3. HP: 24/24 MP: 4/6
  2061 | D:2      | Mangled by a hornet zombie

Illustrated notes

Levels and vault maps discovered:
D:1:      saegor_arrival_fortress, layout_basic
D:2:      layout_basic, cheibriados_altar_1, gammafunk_temple_overflow_statue,
          nicolae_qazlal_eye_of_the_storm

Skill      XL: |  1  2 |
---------------+-------+-----
Air Magic      | 3 |  3.0
Dodging        | 2 |  2.1
Shields        | 1 |  1.1
Fighting       | |  0.2
Stealth        | |  1.8
Spellcasting   | |  2.2
Conjurations   | |  1.0

Action                   || total
-------------------------++-------
Melee: Unarmed           ||    50
       Kick              ||     7
       Dagger            ||     6
 Cast: Shock             ||    39
  Use: Scroll            ||     2
       Potion            ||     1
Armor: Robe              ||    37
Dodge: Dodged            ||    93
